 Dungeon Crawl Stone Soup version 0.29.1-12-g30fa7ad0bf (webtiles) character file.

Game seed: 15710486667594152433

68 RapScallion the Trooper (level 4, -2/40 HPs)
             Began as a Hill Orc Fighter on Jan 11, 2023.
             Was a Believer of Lugonu.
             Slain by an orc
             ... wielding a +0 mace
              (7 damage)
             ... on level 3 of the Dungeon.
             The game lasted 00:10:24 (2563 turns).

RapScallion the Trooper (Hill Orc Fighter)          Turns: 2563, Time: 00:10:25

Health: -2/40      AC:  7    Str: 20    XL:     4   Next: 19%
Magic:  4/4        EV:  9    Int:  8    God:    Lugonu [**....]
Gold:   161        SH:  4    Dex: 10    Spells: 3/3 levels left

rFire   . . .      SeeInvis .   a - +0 war axe
rCold   . . .      Faith    .   c - +0 buckler
rNeg    . . .      Spirit   .   b - +0 scale mail
rPois   .          Reflect  .   (no helmet)
rElec   .          Harm     .   (no cloak)
rCorr   .          Rampage  .   (no gloves)
Will    .....                   (no boots)
Stlth   ..........              (no amulet)
HPRegen 0.13/turn               (no ring)
MPRegen 0.09/turn               (no ring)

@: no status effects
A: no striking features
a: Renounce Religion, Depart the Abyss, Bend Space


You were on level 3 of the Dungeon.
You worshipped Lugonu.
Lugonu was pleased with you.
You visited 1 branch of the dungeon, and saw 3 of its levels.

You collected 161 gold pieces.

Inventory:

Hand Weapons
 a - a +0 war axe (weapon)
 o - a +4 sling
Missiles
 g - 6 poisoned darts (quivered)
Armour
 b - a +0 scale mail (worn)
 c - a +0 buckler (worn)
Magical Staves
 m - a staff of cold
Scrolls
 e - 2 scrolls of summoning {unknown}
 h - a scroll of fog {unknown}
 i - 2 scrolls of identify {unknown}
 j - 2 scrolls of magic mapping {unknown}
 k - 3 scrolls of enchant weapon {unknown}
 l - a scroll of noise {unknown}
 p - a scroll of teleportation {unknown}
Potions
 d - a potion of might
 f - 5 potions of heal wounds {unknown}
 n - a potion of magic {unknown}


   Skills:
 + Level 4.2 Fighting
 + Level 3.9 Axes
 + Level 4.2 Armour
 + Level 3.5 Shields


You had 3 spell levels left.
You didn't know any spells.
Your spell library contained the following spells:

 Spells                   Type           Power      Damage    Failure   Level
 Slow                     Hex            0%         N/A       85%         1
 Confusing Touch          Hex            0%         N/A       99%         3
 Ignite Poison            Fire/Tmut/Pois 0%         N/A       99%         3
 Mephitic Cloud           Conj/Pois/Air  0%         N/A       99%         3
 Vampiric Draining        Necr           0%         2d6       99%         3
 Freezing Cloud           Conj/Ice/Air   0%         6-21      100%        5


Dungeon Overview and Level Annotations

Branches:
Dungeon (3/15)

Altars:
Vehumet
Lugonu

Shops:
D:2 =


Message History

Found a leather armour.
p - a scroll labelled UTAKKO EJUN You see here a +0 leather armour.
You see here 6 stones.
You see here 6 stones.
An endoplasm comes into view.
The endoplasm quivers.
The endoplasm moves out of view.
An endoplasm is nearby!
An endoplasm is nearby!
You hit the endoplasm.
The endoplasm is severely wounded.
The endoplasm hits you but does no damage.
You block the endoplasm's attack.
You hit the endoplasm.
You kill the endoplasm!
Lugonu accepts your kill.
An orc comes into view. It is wielding a +0 mace.
The orc shouts!
The orc drinks a potion.
The orc goes berserk!
You barely miss the orc. The orc hits you with a +0 mace.
You block the orc's attack.
A frilled lizard comes into view.
The frilled lizard hisses angrily.
You hit the orc but do no damage. The orc closely misses you.
The orc hits you with a +0 mace. The orc attacks as you move away!
The orc hits you but does no damage. The orc hits you with a +0 mace.
The orc attacks as you move away! The orc barely misses you.
The orc hits you with a +0 mace. The orc attacks as you move away!
The orc hits you with a +0 mace.
The orc rages.
The orc hits you with a +0 mace. The orc hits you with a +0 mace!
The orc attacks as you move away! The orc hits you with a +0 mace.
* * * LOW HITPOINT WARNING * * *
The orc hits you with a +0 mace.
* * * LOW HITPOINT WARNING * * *
The orc hits you with a +0 mace!
You die...

.......##.# #...# #.......(.#
###.##.##.# #...# #.#..#.#.##
#.......# #...# #.#..#.#.#
####.#### #...#####.#....#.#
#####.########...#...#.#.#..#.#
##........................#..#.##
.....)......>..[.................
##..............o........#.####.#
#.........#####.@.#.............#
#....##.#.# #...########.######
#..#....#.# #...# #.# #.......#.#
#...# #.# #.##.#..#.# #...# #.#
#.##......# ##...## #.#
#.......### #.....### #.####
....##.#######.......#####....#
#..................#........#.###


You could see an orc (berserk).

Vanquished Creatures
  An adder (D:2)
  2 worms
  2 dart slugs
  8 bats
  4 endoplasms
  5 giant cockroaches
  6 goblins
  4 hobgoblins
  6 ball pythons (D:1)
  4 kobolds
  4 rats
46 creatures vanquished.

Notes
Turn   | Place    | Note
-------+----------+-------------------------------------------
     0 | D:1      | RapScallion the Hill Orc Fighter began the quest for the
                  | Orb.
     0 | D:1      | Reached XP level 1. HP: 19/19 MP: 1/1
   363 | D:1      | Reached XP level 2. HP: 27/27 MP: 2/2
   836 | D:1      | Found a faded altar of an unknown god.
   839 | D:1      | Prayed at the altar of an unknown god.
   839 | D:1      | Became a worshipper of Lugonu the Unformed
   839 | D:1      | Reached * piety under Lugonu
   839 | D:1      | Reached ** piety under Lugonu
   922 | D:1      | Reached XP level 3. HP: 33/33 MP: 3/3
  1152 | D:2      | Found Fenos's Jewellery Shop.
  1256 | D:2      | Found a radiant altar of Vehumet.
  1724 | D:2      | Reached XP level 4. HP: 37/40 MP: 4/4
  2563 | D:3      | Slain by an orc

Illustrated notes

Levels and vault maps discovered:
D:1:      erik_arrival_blinker_ship, layout_basic,
          shapermc_ecumenical_altar_mp_vishouse, corexii_leaking_fountain
D:2:      layout_basic, basic_altar, serial_shops, nicolae_shop_trees
D:3:      layout_loops_cross

Skill      XL: |  1  2  3 |
---------------+----------+-----
Axes           | 3 |  3.9
Fighting       | 4 |  4.2
Armour         | 4 |  4.2
Shields        | |  3.5

Action                   |  1- 3 |  4- 6 || total
-------------------------+-------+-------++-------
Melee: War axe           |    97 |    21 ||   118
Armor: Scale mail        |    51 |    18 ||    69
Dodge: Dodged            |    46 |    15 ||    61
Block: Buckler           |    30 |     7 ||    37
